 Dungeon Crawl Stone Soup version 0.31-a0-986-g5e6e4ef867 (webtiles) character file.

Game seed: 6010352224879105241

1182 serber55 the Slasher (level 8, -2/52 (61) HPs)
             Began as a Demonspawn Reaver on Nov 15, 2023.
             Was a Follower of Okawaru.
             Killed from afar by a steam dragon (8 damage)
             ... with a ball of steam
             ... on level 6 of the Dungeon.
             The game lasted 00:15:31 (3970 turns).

serber55 the Slasher (Demonspawn Reaver)            Turns: 3970, Time: 00:15:32

HP:   -2/52 (61)    AC:  5    Str: 13    XL:     8   Next: 19%
MP:   11/14         EV: 17    Int: 17    God:    Okawaru [*.....]
Gold: 909           SH:  4    Dex: 11    Spells: 11/15 levels left

rFire   . . .        a - +0 falchion (venom)
rCold   . . .        (no shield)
rNeg    . . .        b - +0 leather armour
rPois   .            p - +1 hat
rElec   .            r - +0 cloak
rCorr   .            (no gloves)
SInv    .            (no boots)
Will    .....        (no amulet)
Stlth   +            j - +5 ring of evasion
HPRegen 0.28/turn    (no ring)
MPRegen 0.14/turn

%: no passive effects
@: immotile, heavily drained
A: hooves 2, large bone plates 1, powered by death 1, condensation shield
a: Renounce Religion, Heroism


You were on level 6 of the Dungeon.
You worshipped Okawaru.
Okawaru was aware of your devotion.
You visited 2 branches of the dungeon, and saw 7 of its levels.

You collected 909 gold pieces.

Inventory:

Hand Weapons
 a - a +0 falchion of venom (weapon)
Missiles
 t - 5 poisoned darts (quivered)
Armour
 b - a +0 leather armour (worn)
 p - a +1 hat (worn)
 r - a +0 cloak (worn)
Jewellery
 j - a +5 ring of evasion (left hand)
 x - a ring of flight
Scrolls
 c - a scroll of fear
 d - a scroll of blinking
 e - 2 scrolls of teleportation
Potions
 i - 3 potions of curing
 l - 2 potions of enlightenment
 m - 2 potions of attraction {unknown}
 n - a potion of magic {unknown}
 o - a potion of haste {unknown}
 s - a potion of mutation {unknown}
 u - a potion of degeneration {unknown}
 w - a potion of lignification {unknown}


   Skills:
 + Level 4.3 Fighting
 * Level 5.9 Long Blades
 + Level 4.0 Dodging
 + Level 4.0 Spellcasting
 + Level 4.9 Conjurations


You had 11 spell levels left.
You knew the following spells:

 Your Spells              Type           Power      Damage    Failure   Level
a - Kiss of Death         Conj/Necr      44%        2d8       8%          1
b - Momentum Strike       Conj/Tloc      22%        3d8       11%         2
c - Foxfire               Conj/Fire      44%        2x1d6     8%          1

Your spell library contained the following spells:

 Spells                   Type           Power      Damage    Failure   Level
 Necrotise                Necr           12%        1d4       21%         1
 Sandblast                Erth           6%         2d5       21%         1
 Hailstorm                Conj/Ice       11%        3d5       22%         3
 Stone Arrow              Conj/Erth      22%        3d8       22%         3
 Passwall                 Tmut/Erth      2%         N/A       30%         2
 Vampiric Draining        Necr           3%         2d6       52%         3
 Brom's Barrelling Bould  Conj/Erth      11%        2d3       58%         4
 Agony                    Necr           3%         N/A       99%         5
 Plasma Beam              Fire/Air       1%         2x1d11    100%        6
 Starburst                Conj/Fire      5%         6d4       100%        6


Dungeon Overview and Level Annotations

Branches:
Dungeon (6/15)             Temple (1/1) D:5

Altars:
Ashenzari
Dithmenos
Fedhas
Gozag
Kikubaaqudgha
Okawaru
Qazlal
Ru
Trog
Uskayaw
Xom


Innate Abilities, Weirdness & Mutations

You have hoof-like feet.
You are partially covered in large bone plates. (SH +4)
You regenerate a little health from kills.
A meltable shield of frost defends you. (SH +0)


Message History

Your foxfire resists.
The ball of steam hits you!
Your foxfire dissipates!
Okay, then.
Casting: Foxfire (safe; 8% risk of failure)
Confirm with . or Enter, or press ? or * to list all spells.
Aiming: Momentum Strike (safe; 11% risk of failure)
Press: ? - help, Dir - move target, f - steam dragon
Aim: a steam dragon (steam, 68% to hit)
The concentrated momentum hits the steam dragon!
The steam dragon is heavily wounded.
You are unable to move.
The steam dragon breathes steam at you. The ball of steam hits you!
You hit the steam dragon but do no damage.
The steam dragon is poisoned.
The steam dragon is heavily wounded.
You are engulfed in a cloud of scalding steam.
* * * LOW HITPOINT WARNING * * *
The steam dragon closely misses you. The steam dragon claws you.
* * * LOW HITPOINT WARNING * * *
Casting: Momentum Strike (safe; 11% risk of failure)
Confirm with . or Enter, or press ? or * to list all spells.
Aiming: Kiss of Death (safe; 8% risk of failure)
Press: ? - help, Shift-Dir - straight line, f/p - steam dragon
Aim: a steam dragon (heavily wounded, very poisoned, catching its breath, 100% to hit)
The negative energy hits the steam dragon.
The steam dragon is drained!
The steam dragon is severely wounded.
You feel drained.
You are engulfed in a cloud of scalding steam.
* * * LOW HITPOINT WARNING * * *
The steam dragon completely misses you. You block the steam dragon's attack.
You barely miss the steam dragon. Your kick misses the steam dragon.
The steam dragon is almost dead.
You are engulfed in a cloud of scalding steam.
* * * LOW HITPOINT WARNING * * *
The steam dragon breathes steam at you. The ball of steam hits you!
You die...

### #.. #.# ###.#
..#.# #.#.# #.#.#
######.#§#####
.####......§§@D..#
.......<.§§..###.#
..###.###..### #§#
# #...# §§. ##.##
⌠#.## ### .##.. D#
#.# >. #.# ⌠. #.#


You could see a steam dragon (very poisoned, catching breath, drained).

Vanquished Creatures
  A water moccasin (D:5)
  2 ice beasts
  2 ogres
  A kobold brigand (D:3)
  A bullfrog (D:5)
  4 scorpions (D:5)
  A howler monkey (D:5)
  A hound (D:5)
  A jelly (D:5)
  An orc priest (D:4)
  2 iguanas (D:5)
  2 sleepcaps
  3 adders
  A white imp (D:5)
  A worm (D:3)
  A dart slug (D:5)
  13 orcs
  5 bats
  6 endoplasms
  5 giant cockroaches
  8 goblins
  6 hobgoblins
  2 jackals (D:2)
  3 quokkas
  4 ball pythons
  6 frilled lizards
  14 kobolds
  2 rats (D:1)
99 creatures vanquished.

Vanquished Creatures (others)
  An adder (D:6)
  5 foxfires
6 creatures vanquished.

Grand Total: 105 creatures vanquished

Notes
Turn   | Place    | Note
-------+----------+-------------------------------------------
     0 | D:1      | serber55 the Demonspawn Reaver began the quest for the Orb.
     0 | D:1      | Reached XP level 1. HP: 16/16 MP: 3/3
   143 | D:1      | Gained mutation: You regenerate a little health from kills.
                  | [demonic ancestry]
   143 | D:1      | Reached XP level 2. HP: 20/22 MP: 5/5
   180 | D:1      | Reached skill level 3 in Long Blades
   467 | D:1      | Gained mutation: You are partially covered in large bone
                  | plates. (SH +4) [demonic ancestry]
   467 | D:1      | Reached XP level 3. HP: 27/27 MP: 6/6
  1109 | D:3      | Found a faded altar of an unknown god.
  1159 | D:3      | Noticed an ice beast
  1165 | D:3      | Learned a level 2 spell: Momentum Strike
  1171 | D:3      | Killed an ice beast
  1172 | D:3      | Gained mutation: A meltable shield of frost defends you.
                  | (SH +0) [demonic ancestry]
  1172 | D:3      | Reached XP level 4. HP: 8/34 MP: 2/7
  1172 | D:3      | Gained mutation: You have large cloven feet. [demonic
                  | ancestry]
  1172 | D:3      | Reached XP level 5. HP: 9/39 MP: 2/8
  1626 | D:3      | Found a broken altar of Ashenzari.
  1852 | D:3      | Reached skill level 4 in Long Blades
  2169 | D:4      | Reached XP level 6. HP: 47/47 MP: 7/10
  2171 | D:4      | Learned a level 1 spell: Foxfire
  2836 | D:5      | Entered Level 5 of the Dungeon
  2837 | D:5      | Identified a scroll of acquirement
  2837 | D:5      | Acquired 624 gold pieces
  3109 | D:5      | Reached XP level 7. HP: 52/52 MP: 5/11
  3211 | D:5      | Reached skill level 5 in Long Blades
  3295 | D:5      | Found a staircase to the Ecumenical Temple.
  3303 | Temple   | Entered the Ecumenical Temple
  3327 | Temple   | Became a worshipper of Warmaster Okawaru
  3429 | D:5      | Reached * piety under Okawaru
  3430 | D:5      | Gained mutation: You have hoof-like feet. [demonic
                  | ancestry]
  3430 | D:5      | Reached XP level 8. HP: 52/60 MP: 4/13
  3970 | D:6      | Killed from afar by a steam dragon

Illustrated notes

Levels and vault maps discovered:
D:1:      evilmike_arrival_crescent, layout_rooms
D:2:      layout_basic, serial_glass, glass_columns_a, glass_columns_b,
          glass_columns_b, glass_columns_a, glass_columns_a, glass_columns_a
D:3:      cheibrodos_thug_alley, layout_rooms, nicolae_ashenzari_panopticon,
          hellmonk_ecumenical_altar_arch_garden
D:4:      layout_basic, kennysheep_generic_room_11
D:5:      layout_loops_cross, minmay_temple_entry_butterflies
D:6:      layout_loops_ring, grunt_temple_overflow_order_and_chaos_2,
          dk_yredelemnul_ordeal, mainiacjoe_overflow_alcove_4,
          grunt_ministairs_8, solitary_fountain
Temple:   minmay_temple_curvy_loop

Skill      XL: |  1  2  3  4  5  6  7  8 |
---------------+-------------------------+-----
Long Blades    | 3 4 5 |  5.9
Dodging        | 2 3 4 |  4.0
Fighting       | 3 4 |  4.3
Spellcasting   | 3 4 |  4.0
Conjurations   | 4 |  4.9

Action                     |  1- 3 |  4- 6 |  7- 9 || total
---------------------------+-------+-------+-------++-------
  Melee: Falchion          |   143 |   126 |    56 ||   325
         Punch             |     1 |     2 |       ||     3
         Kick              |       |    36 |    14 ||    50
  Throw: Dart              |       |     1 |     3 ||     4
   Cast: Kiss of Death     |     2 |       |     1 ||     3
         Momentum Strike   |     1 |     6 |    12 ||    19
         Foxfire           |       |     3 |     3 ||     6
    Use: Scroll            |       |    11 |     2 ||    13
 Armour: Leather armour    |    83 |    31 |    25 ||   139
  Dodge: Dodged            |    94 |    67 |    28 ||   189
  Block: Other             |    13 |    40 |    22 ||    75

Table legend: (Time is in decaauts)
 A = Elapsed time spent in this place.
 B = Non-inter-level travel time spent in this place.
 C = Inter-level travel time spent in this place.
 D = Time resting spent in this place.
 E = Time spent auto-exploring this place.
 F = Levels seen in this place.
 G = Mean time per level.
                   A        B        C        D        E       F      G
               +--------+--------+--------+--------+--------+-----+--------+
         Total |   4014 |   3848 |    166 |    311 |   2664 |   7 |  573.4 |
       Dungeon |   3978 |   3822 |    156 |    311 |   2664 |   6 |  663.0 |
        Temple |     35 |     25 |     10 |      0 |      0 |   1 |   35.0 |
               +--------+--------+--------+--------+--------+-----+--------+

Top non-repeatable levels by time:
     D:3: 966 daAuts
     D:5: 963 daAuts
     D:4: 925 daAuts
     D:1: 585 daAuts
     D:2: 511 daAuts
  Temple: 35 daAuts
     D:6: 25 daAuts
